 Dungeon Crawl Stone Soup version 0.20.1-1-g8b1a95d (webtiles) character file.

165 richnich the Chopper (level 5, -5/47 HPs)
             Began as a Minotaur Fighter on Nov 4, 2017.
             Slain by a gnoll
             ... wielding a +0 spear
              (8 damage)
             ... on level 3 of the Dungeon.
             The game lasted 00:14:55 (1820 turns).

richnich the Chopper (Minotaur Fighter)             Turns: 1820, Time: 00:14:56

Health: -5/47      AC:  7    Str: 21    XL:     5   Next: 22%
Magic:  4/4        EV:  7    Int:  6    God:
Gold:   227        SH:  9    Dex:  9    Spells: 4/4 levels left

rFire    . . .     SeeInvis .   a - +0 war axe
rCold    . . .     Gourm    .   c - +0 shield
rNeg     . . .     Faith    .   b - +0 scale mail
rPois    .         Spirit   .   (helmet restricted)
rElec    .         Reflect  .   (no cloak)
rCorr    .         Harm     .   (no gloves)
MR       .....                  (no boots)
Stlth    ..........             (no amulet)
Regen    0.2/turn               (no ring)
MPRegen  0.1/turn               (no ring)

@: no status effects
A: retaliatory headbutt, horns 2
a: no special abilities


You were on level 3 of the Dungeon.
You were not hungry.

You visited 1 branch of the dungeon, and saw 3 of its levels.

You collected 227 gold pieces.

Inventory:

Hand Weapons
 a - a +0 war axe (weapon)
Armour
 b - a +0 scale mail (worn)
 c - a +0 shield (worn)
Jewellery
 h - an uncursed amulet of the gourmand {unknown}
Scrolls
 i - 2 scrolls of identify {unknown}
 j - a scroll of enchant armour {unknown}
 k - a scroll of enchant weapon {unknown}
 n - a scroll of magic mapping {unknown}
 p - a scroll of recharging {unknown}
 q - 2 scrolls of remove curse
Potions
 d - 2 potions of might
 e - 4 potions of cancellation {unknown}
 g - a potion of degeneration {unknown}
 l - a potion of ambrosia {unknown}
 m - a potion of lignification {unknown}
 r - a potion of agility {unknown}
 s - a potion of haste {unknown}
Comestibles
 f - 2 bread rations
 o - a meat ration


   Skills:
 + Level 4.4 Fighting
 + Level 4.7 Axes
 + Level 4.5 Armour
 - Level 4.4 Shields


You had 4 spell levels left.
You didn't know any spells.

Dungeon Overview and Level Annotations

Branches:
Dungeon (3/15)

Altars:


Innate Abilities, Weirdness & Mutations

You reflexively headbutt those who attack you in melee.
You have a pair of horns on your head.


Message History

You hit the gnoll.
The gnoll is lightly wounded.
You block the gnoll's attack. The gnoll hits you with a club.
The gnoll hits you but does no damage.
You closely miss the gnoll.
The gnoll is lightly wounded.
The gnoll completely misses you.
The gnoll hits you from afar with a halberd!
You slash the gnoll!
You kill the gnoll!
The gnoll hits you from afar with a halberd!
You block the frilled lizard's attack.
Your shield and scale mail prevent you from hitting the frilled lizard.
Your headbutt misses the frilled lizard.
You block the frilled lizard's attack. The gnoll barely misses you.
The gnoll hits you from afar with a halberd!
* * * LOW HITPOINT WARNING * * *
You block the frilled lizard's attack.
The gnoll hits you from afar with a spear!
You die...

## ... ...g
#..##
######.....
#..gg....##
#.l#.......
#@#.##.....
#.#..# #...
#.##.#.# ..
#.##.#.# .
#......#
####.###
#.# .. #.#
... #.#
####.#


You could see 2 gnolls and a frilled lizard.

Vanquished Creatures
  Natasha (thrice) (D:2)
  Robin (D:2)
  A gnoll (D:3)
  An adder (D:2)
  An ooze (D:1)
  A worm (D:2)
  2 dart slugs (D:1)
  2 leopard geckos
  3 bats
  A giant cockroach (D:2)
  11 goblins
  8 hobgoblins
  8 kobolds
  3 frilled lizards
  6 rats
  A plant (D:1)
53 creatures vanquished.

Vanquished Creatures (others)
  A hobgoblin (D:2)
1 creature vanquished.

Grand Total: 54 creatures vanquished

Notes
Turn   | Place    | Note
-------+----------+-------------------------------------------
     0 | D:1      | richnich the Minotaur Fighter began the quest for the Orb.
     0 | D:1      | Reached XP level 1. HP: 19/19 MP: 0/0
   122 | D:1      | Reached XP level 2. HP: 26/27 MP: 1/1
   724 | D:1      | Reached XP level 3. HP: 33/33 MP: 2/2
   891 | D:2      | Noticed Natasha
   896 | D:2      | Killed Natasha
   988 | D:2      | Noticed Natasha
  1001 | D:2      | Killed Natasha
  1001 | D:2      | Reached XP level 4. HP: 37/40 MP: 3/3
  1047 | D:2      | Noticed Robin
  1061 | D:2      | Killed Robin
  1110 | D:2      | Noticed Natasha
  1116 | D:2      | Killed Natasha
  1149 | D:2      | Reached XP level 5. HP: 34/47 MP: 4/4
  1820 | D:3      | Slain by a gnoll

Skill      XL: |  1  2  3  4 |
---------------+-------------+-----
Axes           | 3 4 |  4.7
Shields        | 4 |  4.4
Fighting       | 4 |  4.4
Armour         | 4 |  4.5

Action                   |  1- 3 |  4- 6 || total
-------------------------+-------+-------++-------
Melee: War axe           |    57 |    70 ||   127
       Headbutt          |    11 |     8 ||    19
  Use: Scroll            |     1 |       ||     1
  Eat: Chunk             |       |     3 ||     3
Armor: Scale mail        |    21 |    30 ||    51
Dodge: Dodged            |    14 |    21 ||    35
Block: Shield            |    25 |    43 ||    68
